 Dungeon Crawl Stone Soup version 0.27.1-34-g3ba077fa99 (webtiles) character file.

Game seed: 11389663400999143637

986 unlimited1921 the Chopper (level 7, 0/71 HPs)
             Began as a Troll Fighter on Jan 3, 2022.
             Slain by a vampire mosquito (2 damage)
             ... on level 6 of the Dungeon.
             The game lasted 00:19:41 (2648 turns).

unlimited1921 the Chopper (Troll Fighter)           Turns: 2648, Time: 00:19:41

Health: 0/71       AC:  7    Str: 27    XL:     7   Next: 97%
Magic:  6/6        EV:  8    Int:  4    God:
Gold:   79         SH:  9    Dex:  9    Spells: 6/6 levels left

rFire    . . .     SeeInvis .   a - +1 war axe (vorpal)
rCold    . . .     Faith    .   c - +0 kite shield
rNeg     . . .     Spirit   .   q - +0 steam dragon scales
rPois    .         Reflect  .   (helmet restricted)
rElec    .         Harm     .   (no cloak)
rCorr    .         Rampage  .   (gloves unavailable)
Will     +....                  (boots unavailable)
Stlth    +.........             (no amulet)
HPRegen  1.21/turn              t - ring of willpower
MPRegen  0.10/turn              (no ring)

@: mighty
A: large, unfitting armour, claws 3, regeneration 1, shaggy fur 1, tough skin 1
a: no special abilities


You were on level 6 of the Dungeon.
You visited 1 branch of the dungeon, and saw 5 of its levels.

You collected 79 gold pieces.

Inventory:

Hand Weapons
 a - a +1 vorpal war axe (weapon)
 e - a +0 short sword
 h - a +4 vorpal spear
 w - the +1 dagger of Fozeabbu {antimagic, rC+ rN+ Dex+7}
   (You found it on level 6 of the Dungeon)

   It reduces the magical energy of the wielder, and disrupts the spells and
   magical abilities of those it strikes.
   Natural abilities and divine invocations are not affected.
   Dex:       It affects your dexterity (+7).
   rC:        It protects you from cold.
   rN:        It protects you from negative energy.
Missiles
 j - 4 boomerangs (quivered)
 l - 10 poisoned darts
Armour
 b - a +0 robe
 c - a +0 kite shield (worn)
 i - the +9 plate armour of Viura {Str+3}
   (You found it on level 6 of the Dungeon)

   Str:       It affects your strength (+3).
 q - +0 steam dragon scales (worn)
Jewellery
 t - a ring of willpower (left claw)
 u - a ring of fire
Scrolls
 g - a scroll of amnesia
 p - a scroll of holy word
 v - a scroll of vulnerability {unknown}
Potions
 d - a potion of might
 f - a potion of curing
 k - a potion of degeneration {unknown}
 m - a potion of lignification {unknown}
 n - a potion of attraction {unknown}
 o - a potion of resistance {unknown}
 r - a potion of cancellation {unknown}
 s - a potion of mutation {unknown}


   Skills:
 * Level 4.7 Fighting
 + Level 4.7 Axes
 + Level 1.6 Throwing
 + Level 3.8 Dodging
 + Level 0.2 Stealth
 + Level 3.6 Shields


You had 6 spell levels left.
You didn't know any spells.
Your spell library contained the following spells:

 Spells                   Type           Power      Damage    Failure   Level
 Shock                    Conj/Air       0%         1d3       87%         1
 Swiftness                Air            0%         N/A       99%         3
 Airstrike                Air            0%         N/A       100%        4


Dungeon Overview and Level Annotations

Branches:
Dungeon (6/15)
 Temple: D:4-7

Altars:
Gozag
Ru
Wu Jian
Xom
Zin
The Shining One


Innate Abilities, Weirdness & Mutations

You are too large for most types of armour.
You have claws for hands.
Your natural rate of healing is unusually fast.
You are covered in fur. (AC +1)
You have tough skin. (AC +1)


Message History

You throw a boomerang.
The boomerang closely misses the vampire mosquito.
The boomerang misses the vampire mosquito.
The vampire mosquito bites you but does no damage.
The vampire mosquito barely misses you. The vampire mosquito bites you.
* * * LOW HITPOINT WARNING * * *
The vampire mosquito draws strength from your injuries!
You feel better. The vampire mosquito bites you!
* * * LOW HITPOINT WARNING * * *
The vampire mosquito draws strength from your injuries!
You block the vampire mosquito's attack.
You have no spells to forget!
You block the vampire mosquito's attack.
The vampire mosquito bites you but does no damage.
The vampire mosquito barely misses you.
You block the vampire mosquito's attack.
The vampire mosquito bites you.
* * * LOW HITPOINT WARNING * * *
The vampire mosquito draws strength from your injuries!
You block the vampire mosquito's attack.
You block the vampire mosquito's attack.
There is an open door here.
The vampire mosquito bites you.
* * * LOW HITPOINT WARNING * * *
The vampire mosquito draws strength from your injuries!
You block the vampire mosquito's attack.
The vampire mosquito bites you but does no damage.
The vampire mosquito bites you but does no damage.
You hear the rapid hiss of a very distant avalanche of sand.
You block the vampire mosquito's attack.
The vampire mosquito bites you.
* * * LOW HITPOINT WARNING * * *
The vampire mosquito draws strength from your injuries!
You block the vampire mosquito's attack.
You block the vampire mosquito's attack.
The vampire mosquito bites you.
* * * LOW HITPOINT WARNING * * *
The vampire mosquito draws strength from your injuries!
The vampire mosquito bites you.
You die...

..........._..⌠.._.......#
.........................#
............_..._........#
.........................#
..........†..............#
.........................#
.........................#
#....####.###+##'##.##...#
###'## ####..##@#######'#
..... #........y.......#
....... #........y.......#
....... #................#
#................#
#................#
#...........÷....#
##....####..##...#
#########..##...#


You could see 2 vampire mosquitoes.

Vanquished Creatures
  A vampire mosquito (D:6)
  A steam dragon (D:6)
  A water moccasin (D:6)
  An ogre (D:6)
  The ghost of zeram the Sneak, an amateur OpEn (D:3)
  A scorpion (D:6)
  A centaur zombie (D:6)
  2 hounds
  Jessica (D:2)
  3 orc wizards
  2 iguanas (D:4)
  10 adders
  A shadow imp (D:6)
  An ufetubus (D:4)
  An adder skeleton (D:4)
  3 dart slugs
  11 orcs
  10 endoplasms
  4 giant cockroaches
  4 goblins
  9 hobgoblins
  7 jackals
  3 quokkas
  5 ball pythons
  6 bats
  4 kobolds
  2 rats
96 creatures vanquished.

Vanquished Creatures (others)
  An orc wizard (D:6)
1 creature vanquished.

Grand Total: 97 creatures vanquished

Notes
Turn   | Place    | Note
-------+----------+-------------------------------------------
     0 | D:1      | unlimited1921 the Troll Fighter began the quest for the
                  | Orb.
     0 | D:1      | Reached XP level 1. HP: 22/22 MP: 0/0
   102 | D:1      | Reached XP level 2. HP: 29/29 MP: 1/1
   473 | D:2      | Reached XP level 3. HP: 35/36 MP: 2/2
   547 | D:2      | Noticed Jessica
   550 | D:2      | Killed Jessica
   551 | D:2      | Reached XP level 4. HP: 45/45 MP: 3/3
  1132 | D:3      | Found a runed translucent door.
  1159 | D:3      | Noticed zeram's ghost (amateur OpEn)
  1373 | D:3      | Reached XP level 5. HP: 21/53 MP: 4/4
  1755 | D:3      | Killed zeram's ghost
  1756 | D:3      | Reached XP level 6. HP: 56/61 MP: 5/5
  2050 | D:4      | You fall into a shaft and drop 2 floors!
  2125 | D:6      | Reached XP level 7. HP: 68/68 MP: 6/6
  2145 | D:6      | Identified the +1 dagger of Fozeabbu {antimagic, rC+ rN+
                  | Dex+7}
  2154 | D:6      | Noticed a steam dragon
  2308 | D:6      | Found an ornate altar of the Wu Jian Council.
  2309 | D:6      | Found an opulent altar of Gozag.
  2310 | D:6      | Found a sacrificial altar of Ru.
  2392 | D:6      | Reached skill level 1 in Throwing
  2435 | D:6      | Found a glowing golden altar of the Shining One.
  2435 | D:6      | Found a glowing silver altar of Zin.
  2436 | D:6      | Found a shimmering altar of Xom.
  2443 | D:6      | Identified the +9 plate armour of Viura {Str+3}
  2529 | D:6      | Noticed a vampire mosquito
  2546 | D:6      | Killed a steam dragon
  2558 | D:6      | Noticed a vampire mosquito
  2559 | D:6      | Noticed a vampire mosquito
  2607 | D:6      | Killed a vampire mosquito
  2615 | D:6      | HP: 2/71 [vampire mosquito (6)]
  2625 | D:6      | HP: 3/71 [vampire mosquito (10)]
  2632 | D:6      | HP: 3/71 [vampire mosquito (9)]
  2645 | D:6      | HP: 3/71 [vampire mosquito (6)]
  2647 | D:6      | HP: 1/71 [vampire mosquito (5)]
  2648 | D:6      | Slain by a vampire mosquito

Illustrated notes

Levels and vault maps discovered:
D:1:      minmay_arrival_hallway, layout_rooms
D:2:      layout_rooms, st_stairs_1, hangedman_glass_teeth, uniq_jessica
D:3:      layout_loops_cross, ebering_ghost_sewer_d, grunt_decor_cap,
          chequers_jeans
D:4:      layout_rooms, gammafunk_ghost_necromancy, minmay_liquid_box
D:6:      layout_gridville, grunt_temple_overflow_open,
          chequers_ossuary_entry_cave, minmay_manual_moon

Skill      XL: |  1  2  3  4  5  6  7 |
---------------+----------------------+-----
Axes           | 2 3 4 |  4.7
Fighting       | 3 4 |  4.7
Dodging        | 3 |  3.8
Shields        | 3 |  3.6
Throwing       | 1 |  1.6
Stealth        | |  0.2

Action                   |  1- 3 |  4- 6 |  7- 9 || total
-------------------------+-------+-------+-------++-------
Melee: War axe           |    68 |   162 |    33 ||   263
Throw: Dart              |       |    12 |     8 ||    20
       Boomerang         |       |       |    13 ||    13
  Use: Scroll            |       |     8 |     1 ||     9
       Potion            |       |       |     4 ||     4
Armor: Robe              |    60 |    50 |     5 ||   115
       Steam dragon scal |       |       |    18 ||    18
Dodge: Dodged            |    44 |    68 |    47 ||   159
Block: Kite shield       |    52 |    93 |    61 ||   206
